Map: Eternal Empire LE

Players

icantwin

  • Race: Protoss Protoss
  • League: Silver
  • Spawn Location: 1:00

WamBamTYCam - Winner!

  • Race: Zerg Zerg
  • League: Silver
  • Spawn Location: 7:00

VOD

Have the link to the VOD?

Description

Time

  • Played on: July 16, 2020, 7:50 a.m.
  • Length: 12:51
Show
View Real Time Build Order
Export as new Build Order

icantwin Protoss 

Build Orders: Chargelot Immortal 

Get SALT Encoding   

  12  0:01  Probe  
  13  0:13  Probe  
  14  0:21  Pylon  
  14  0:25  Probe  
  15  0:40  Probe, Gateway  
  15  0:48  Probe  
  15  0:49  Assimilator  
  17  0:57  Probe  
  18  1:09  Probe  
  19  1:23  Gateway  
  19  1:24  Probe  
  20  1:36  Probe  
  21  1:41  Cybernetics Core  
  21  1:47  Assimilator  
  21  1:48  Probe  
  22  1:57  Probe  
  22  1:59  Pylon  
  23  2:08  Nexus  
  23  2:14  Probe  
  24  2:26  Probe  
  25  2:30  Adept x2  
  25  2:32  Warp Gate  
  29  2:38  Probe  
  30  2:46  Pylon  
  30  2:50  Probe  
  31  2:57  Robotics Facility  
  31  3:04  Probe  
  32  3:16  Probe  
  33  3:21  Stalker  
  33  3:22  Probe, Sentry  
  33  3:24  Probe  
  38  3:30  Probe  
  38  3:32  Probe  
  39  3:40  Probe  
  41  3:43  Probe  
  41  3:46  Pylon  
  41  3:47  Observer  
  44  3:52  Probe  
  44  3:55  Probe  
  46  4:04  Probe  
  46  4:07  Probe  
  46  4:08  Twilight Council  
  48  4:13  Forge  
  48  4:16  Immortal  
  52  4:26  Assimilator  
  52  4:29  Probe x2, Assimilator  
  54  4:41  Probe x2  
  54  4:45  Shield Battery  
  56  4:53  Probe x2  
  56  4:55  Stalker  
  56  4:56  Stalker  
  62  5:04  Pylon  
  62  5:05  Protoss Ground Weapons Level 1  
  62  5:07  Charge  
  62  5:08  Pylon  
  62  5:11  Pylon  
  62  5:22  Probe x2  
  64  5:34  Probe x2, Stalker x2  
  70  5:51  Nexus  
  70  5:53  Pylon  
  70  5:54  Pylon  
  69  6:05  Probe x2  
  69  6:17  Probe  
  70  6:20  Stalker  
  70  6:21  Stalker  
  70  6:23  Probe, Pylon  
  75  6:29  Probe  
  75  6:30  Templar Archives  
  75  6:31  Gateway  
  75  6:32  Gateway  
  76  6:35  Probe  
  76  6:36  Gateway  
  76  6:39  Gateway  
  77  6:41  Probe, Shield Battery  
  77  6:44  Photon Cannon  
  77  6:46  Stalker  
  80  6:47  Photon Cannon, Stalker  
  80  6:52  Probe  
  80  6:54  Probe  
  84  7:06  Probe  
  84  7:07  Probe x2  
  87  7:10  Assimilator, Stalker  
  87  7:14  Assimilator  
  89  7:17  Immortal  
  89  7:18  Probe  
  89  7:19  Probe x2  
  96  7:26  Pylon  
  96  7:30  Probe  
  96  7:31  Probe x2  
  99  7:46  Stalker x5  
  99  7:47  Stalker  
  111  7:53  Protoss Ground Weapons Level 2  
  111  7:57  Immortal  
  115  8:05  Probe  
  115  8:06  Probe x2  
  118  8:16  Stalker x2  
  118  8:17  Stalker  
  118  8:18  Probe  
  125  8:29  Nexus  
  125  8:31  Pylon  
  125  8:33  Pylon  
  125  8:38  Probe  
  125  8:48  Probe x2  
  101  8:57  Stalker x3  
  101  8:58  Stalker x3  
  99  9:04  Gateway x2  
  99  9:07  Gateway  
  99  9:08  Gateway  
  84  9:19  Zealot  
  84  9:20  Zealot x3  
  92  9:29  Zealot x2  
  86  9:43  Zealot  
  86  9:44  Zealot x3, Immortal  
  88  9:48  Probe x3  
  88  9:51  Zealot x2  
  85  10:00  Probe, Zealot x2  
  85  10:01  Zealot  
  85  10:03  Probe x2  
  85  10:06  Zealot x5  
  94  10:15  Zealot x2  
  86  10:24  Immortal  
  86  10:27  Zealot  
  86  10:28  Zealot x5  
  94  10:29  Zealot  
  90  10:38  Probe  
  90  10:39  Probe x2  
  83  10:46  Zealot x3  
  83  10:49  Zealot x2  
  83  10:50  Probe  
  83  10:51  Probe  
  83  10:55  Zealot x2  
  73  11:02  Zealot x2  
  70  11:05  Zealot  
  64  11:15  Zealot  
  64  11:16  Zealot  
  54  11:26  Zealot x2  
  54  11:27  Zealot  
  54  11:30  Zealot  
  55  11:40  Zealot x2  
  59  11:51  Zealot  
  59  11:52  Zealot x2  
  63  12:09  Nexus  
  63  12:26  Zealot  
  63  12:27  Zealot  
  63  12:28  Pylon  
  51  12:35  Zealot x2  
Show
View Real Time Build Order
Export as new Build Order

WamBamTYCam Zerg - Winner!

Build Orders: Hatch First 

Get SALT Encoding   

  12  0:02  Drone  
  13  0:12  Overlord  
  13  0:19  Drone  
  14  0:31  Drone x2  
  14  0:35  Drone  
  17  0:47  Drone  
  18  1:00  Hatchery  
  18  1:02  Extractor  
  16  1:05  Drone  
  17  1:22  Spawning Pool  
  16  1:26  Drone x2  
  18  1:36  Drone  
  19  1:47  Drone  
  20  2:05  Overlord  
  20  2:09  Metabolic Boost  
  20  2:10  Queen  
  20  2:12  Drone, Queen  
  20  2:15  Zergling x2  
  26  2:18  Zergling x2  
  27  2:23  Drone  
  28  2:35  Zergling x4  
  28  2:36  Drone  
  31  2:43  Overlord  
  31  2:47  Drone  
  32  2:57  Drone x2  
  34  3:03  Baneling Nest  
  33  3:12  Drone  
  34  3:18  Drone  
  35  3:21  Extractor  
  35  3:22  Zergling x2  
  35  3:23  Drone x2  
  35  3:26  Hatchery, Overlord  
  36  3:31  Drone x2  
  38  3:41  Drone  
  38  3:42  Zergling x2  
  38  3:46  Lair  
  38  3:47  Drone  
  41  4:14  Baneling x3  
  41  4:16  Drone  
  41  4:17  Drone x2  
  44  4:23  Roach Warren  
  43  4:25  Drone  
  43  4:26  Drone x4  
  44  4:53  Zergling x6, Hatchery  
  44  4:54  Zergling x4  
  48  5:04  Glial Reconstitution  
  48  5:06  Roach x4  
  56  5:07  Zergling x2  
  57  5:39  Overlord x2  
  57  5:49  Hydralisk Den  
  56  5:54  Evolution Chamber, Queen  
  56  5:55  Evolution Chamber  
  56  6:01  Drone  
  56  6:02  Drone x3  
  56  6:03  Drone x3  
  62  6:05  Overlord x3  
  62  6:06  Overlord x2  
  56  6:15  Zergling x2  
  56  6:16  Zergling x10  
  59  6:23  Muscular Augments  
  59  6:25  Extractor  
  58  6:27  Extractor  
  58  6:28  Drone  
  58  6:30  Queen  
  60  6:50  Drone x3  
  63  6:56  Drone x2  
  65  7:04  Burrow  
  65  7:05  Queen  
  67  7:10  Infestation Pit  
  67  7:11  Zerg Missile Weapons Level 1  
  67  7:12  Zerg Ground Armor Level 1  
  66  7:17  Drone x2  
  66  7:19  Lurker Den  
  67  7:25  Hydralisk, Zergling x4  
  67  7:26  Hydralisk x4, Zergling x2  
  67  7:27  Roach x2  
  67  7:28  Roach x4  
  87  8:01  Drone x2  
  87  8:02  Drone x4  
  87  8:03  Hydralisk x2  
  87  8:04  Hydralisk x3  
  107  8:05  Roach x2, Zergling x2  
  107  8:06  Zergling x10  
  107  8:07  Zergling x4  
  115  8:14  Ravager  
  115  8:15  Ravager x2  
  118  8:21  Drone  
  119  8:31  Drone  
  119  8:34  Overlord x4  
  120  8:43  Hive  
  106  9:02  Zergling x2  
  97  9:03  Roach, Zergling x18  
  97  9:04  Roach x7  
  114  9:21  Lurker x2  
  114  9:22  Lurker  
  117  9:27  Zergling x2  
  117  9:28  Zergling x22  
  122  9:33  Hatchery  
  99  10:04  Overseer  
  97  10:10  Overseer  
  96  10:15  Zergling x14  
  96  10:16  Zergling x14  
  104  10:26  Zergling x4  
  104  10:27  Zergling x12  
  103  10:46  Adrenal Glands  
  103  10:49  Overseer  
  98  10:52  Overseer  
  95  11:01  Hydralisk x5  
  95  11:02  Hydralisk x2  
  91  11:31  Roach  
  91  11:32  Hydralisk x4, Roach x6  
  105  11:34  Zergling x2  
  109  11:40  Drone x3, Queen  
  104  11:57  Zergling x2  
  104  11:58  Zergling x28  
Tags
 
Add a new tag
Caveats
  • Supply blocks, unpowered buildings, or Contaminate may cause inaccurate times.
  • Supply counts are checked every 10 seconds.